 Dungeon Crawl Stone Soup version 0.25-a0-460-g4f2eb97ec1 (webtiles) character file.

Game seed: 11253971885192361557, levelgen mode: classic

4557 EnegeticOcto the Destroyer (level 10, -10/58 HPs)
             Began as a Tengu Ice Elementalist on Feb 3, 2020.
             Was a Believer of Vehumet.
             Mangled by a hornet (13 damage)
             ... on level 8 of the Dungeon.
             The game lasted 00:20:50 (10877 turns).

EnegeticOcto the Destroyer (TeIE)                  Turns: 10877, Time: 00:20:51

Health: -10/58     AC:  4    Str:  9    XL:     10   Next: 40%
Magic:  4/18       EV: 15    Int: 19    God:    Vehumet [**....]
Gold:   619        SH:  5    Dex: 14    Spells: 4/18 levels left

rFire    . . .     SeeInvis .   (no weapon)
rCold    . . .     Gourm    .   u - +0 buckler
rNeg     + . .     Faith    .   s - +0 robe {rN+}
rPois    .         Spirit   .   (helmet restricted)
rElec    .         Reflect  .   (no cloak)
rCorr    +         Harm     +   q - +1 pair of gloves
MR       .....                  (boots unavailable)
Stlth    ++........             f - amulet of harm
HPRegen  0.19/turn              v - ring of wizardry
MPRegen  0.16/turn              y - ring of resist corrosion

@: lethally poisoned (-10 -> -17), flying quickly and evasively, slowed, very
slow
A: beak, talons 3, able to fly
a: Stop Flying, Renounce Religion


You were on level 8 of the Dungeon.
You worshipped Vehumet.
Vehumet was pleased with you.
You were not hungry.

You visited 2 branches of the dungeon, and saw 9 of its levels.

You collected 619 gold pieces.

Inventory:

Missiles
 p - 2 throwing nets (quivered) {!f}
Armour
 q - a +1 pair of gloves (worn)
 s - a +0 robe of positive energy (worn)
 u - a +0 buckler (worn)
Jewellery
 f - an amulet of harm (around neck)
 v - a ring of wizardry (left hand)
 y - a ring of resist corrosion (right hand)
Wands
 a - a wand of clouds (4)
 g - a wand of digging (4)
 t - a wand of acid (9)
 x - a wand of paralysis (12)
 D - a wand of disintegration (13)
Scrolls
 c - 7 scrolls of remove curse {@r2}
 h - 4 scrolls of teleportation {@r3 !r}
 l - a scroll of immolation
 m - 2 scrolls of amnesia
 r - 3 scrolls of fog {!r}
 w - a scroll of brand weapon {unknown}
Potions
 b - a potion of magic
 d - a potion of resistance
 i - a potion of haste {@q4 !q}
 k - 6 potions of heal wounds {@q2 !q}
 n - 4 potions of curing {@q1 !q}
 o - 2 potions of agility {@q5 !q}
 z - a potion of mutation {unknown}
 B - 2 potions of brilliance
 C - a potion of ambrosia {unknown}
Comestibles
 e - 8 rations
 j - a chunk of flesh


   Skills:
 + Level 4.5 Fighting
 - Level 2.1 Dodging
 - Level 2.0 Stealth
 + Level 3.3 Shields
 + Level 4.7 Spellcasting
 - Level 10.0 Conjurations
 - Level 8.6 Ice Magic
 * Level 7.2 Air Magic


You had 4 spell levels left.
You knew the following spells:

 Your Spells              Type           Power        Failure   Level  Hunger
a - Freeze                Ice            ####         1%          1    None
b - Hailstorm             Conj/Ice       #####...     1%          4    ####...
c - Lightning Bolt        Conj/Air       #####.....   4%          5    ######.
d - Summon Ice Beast      Ice/Summ       ###.....     9%          4    ####...

Your spell library contained the following spells:

 Spells                   Type           Power        Failure   Level  Hunger
 Magic Dart               Conj           ####         1%          1    None
 Shock                    Conj/Air       ####         1%          1    None
 Swiftness                Chrm/Air       ###.....     1%          2    #......
 Static Discharge         Conj/Air       #####...     1%          3    ##.....
 Ozocubu's Armour         Chrm/Ice       ###.....     2%          3    ##.....
 Airstrike                Air            ####......   2%          4    ####...


Dungeon Overview and Level Annotations

Branches:
Dungeon (8/15)             Temple (1/1) D:5
   Lair: D:8-11

Altars:
Ashenzari
Cheibriados
Elyvilon
Nemelex Xobeh
Qazlal
Ru
Uskayaw
Vehumet
Wu Jian
Yredelemnul
The Shining One

Shops:
D:5 %


Innate Abilities, Weirdness & Mutations

You have a beak for a mouth.
You have claws for feet.
You can fly continuously.


Message History

Casting: Hailstorm (safe; 1% risk of failure)
Confirm with . or Enter, or press ? or * to list all spells.
A cannonade of hail descends around you!
The hail pelts the two-headed ogre!
The two-headed ogre is almost dead.
Evoke which item? (* to show all) (? for menu, Esc to quit)
Aiming: Disintegrate
Press: ? - help, Shift-Dir - straight line, f - two-headed ogre
Aim: a two-headed ogre, wielding a +0 giant spiked club and a +0 giant club (severely wounded, chance to defeat MR: 48%)
The two-headed ogre resists with some effort.
Evoke which item? (* to show all) (? for menu, Esc to quit)
Aiming: Disintegrate
Press: ? - help, Shift-Dir - straight line, f/p - two-headed ogre
Aim: a two-headed ogre, wielding a +0 giant spiked club and a +0 giant club (severely wounded, chance to defeat MR: 48%)
The two-headed ogre resists with some effort.
You see here a quokka skeleton.
You see here a quokka skeleton.
Casting: Hailstorm (safe; 1% risk of failure)
Confirm with . or Enter, or press ? or * to list all spells.
A cannonade of hail descends around you!
The hail pelts the two-headed ogre!!
You kill the two-headed ogre!
Vehumet accepts your kill.
Your Shields skill increases to level 3!
Your Air Magic skill increases to level 7!
Things that are here:
a +0 giant spiked club; a +0 giant club There isn't anything to butcher here.
You eat one of the 9 rations.
That ration really hit the spot!
Your magical contamination has completely faded away.
Found a robe.
You see here a robe.
An iguana comes into view.
An iguana is nearby!
An iguana is nearby!
Casting: Hailstorm (safe; 1% risk of failure)
Confirm with . or Enter, or press ? or * to list all spells.
A cannonade of hail descends around you!
The hail pelts the iguana!
You kill the iguana!
Vehumet accepts your kill.
You butcher the iguana corpse.
j - a chunk of flesh You see here an iguana skeleton. x2
Found a plate armour. 2 hornets come into view.
Found a club.
There are monsters nearby!
Casting: Hailstorm (safe; 1% risk of failure)
Confirm with . or Enter, or press ? or * to list all spells.
A cannonade of hail descends around you!
The hail pelts the hornet!
The hornet is moderately wounded.
The hornet buzzes angrily.
You hear an angry buzzing noise. x2
The hornet barely misses you. The hornet closely misses you.
You hear an angry buzzing noise.
Casting: Hailstorm (safe; 1% risk of failure)
Confirm with . or Enter, or press ? or * to list all spells.
Aiming: Lightning Bolt (safe; 4% risk of failure)
Press: ? - help, Shift-Dir - straight line You hear a mighty clap of thunder!
The bolt of lightning misses the hornet.
The bolt of lightning hits the hornet!!
The hornet is severely wounded.
You hear a croak.
You hear a shout! x2
The hornet stings you!
You feel yourself slow down.
Casting: Lightning Bolt (safe; 4% risk of failure)
Confirm with . or Enter, or press ? or * to list all spells.
Aiming: Lightning Bolt (safe; 4% risk of failure)
Press: ? - help, Shift-Dir - straight line You hear a mighty clap of thunder!
The bolt of lightning hits the hornet!!
You kill the hornet!
Vehumet accepts your kill.
A hornet comes into view.
The hornet barely misses you.
The hornet moves out of view.
Casting: Lightning Bolt (safe; 4% risk of failure)
Confirm with . or Enter, or press ? or * to list all spells.
You don't have enough magic to cast that spell.
Unknown command.
Evoke which item? (* to show all) (? for menu, Esc to quit)
Aiming: Disintegrate
Press: ? - help, Shift-Dir - straight line The hornet resists with significant effort.
You feel yourself speed up. The hornet stings you!
You are poisoned.
You feel yourself slow down. The hornet misses you. The hornet stings you!
You feel as though you will be slow longer.
Evoke which item? (* to show all) (? for menu, Esc to quit)
Aiming: Disintegrate
Press: ? - help, Shift-Dir - straight line The hornet resists with significant effort.
You feel sick.
You hear an angry buzzing noise.
The hornet stings you!
* * * LOW HITPOINT WARNING * * *
You feel as though you will be slow longer.
The hornet stings you!
You die...

###...##..# #
###....### #
##.....### #
##.......# #
#.....#### #
##.#..####.# #
#.###.##.##.# ###..#
#....#.#y## .[..##
#....##.#@# ##..
##....# #.##
##.###.....###.###
#..#....##...#..#
##...........#.## #..
#........###...##.....
###......### ###.....#
........## #..####
........## #.[#


You could see a hornet.

Vanquished Creatures
  A two-headed ogre (D:8)
  Pikel (D:5)
  The ghost of demivan the Chopper, an amateur DDFi of Makhleb (D:5)
  A hornet (D:8)
  A hippogriff (D:7)
  Eustachio (D:6)
  A hungry ghost (D:5)
  A water moccasin (D:7)
  2 orc warriors
  5 ogres
  A necrophage (D:6)
  A phantom (D:8)
  2 centaurs (D:5)
  2 bullfrogs (D:7)
  A gnoll sergeant (D:5)
  2 scorpions
  3 crimson imps
  7 orc priests
  2 bullfrog zombies
  A centaur skeleton (D:6)
  3 hounds
  A gnoll shaman (D:7)
  6 orc wizards
  An iguana (D:8)
  5 worker ants
  A worker ant zombie (D:7)
  13 adders
  8 gnolls
  A howler monkey skeleton (D:5)
  2 shadow imps (D:5)
  2 oozes
  3 adder skeletons
  4 worms
  5 dart slugs
  11 leopard geckos
  43 orcs
  3 ball pythons
  3 giant cockroaches
  5 goblins
  7 hobgoblins
  4 jackals (D:5)
  7 quokkas
  5 bats
  2 frilled lizards
  A jackal skeleton (D:5)
  6 kobolds
  A leopard gecko skeleton (D:5)
  A quokka zombie (D:5)
  8 rats
199 creatures vanquished.

Vanquished Creatures (others)
  A slave (D:6)
  A scorpion (D:6)
  A crimson imp (D:6)
  A worker ant (D:6)
  3 gnolls (D:6)
  An adder (D:6)
  An adder skeleton (D:6)
  3 toadstools (D:8)
12 creatures vanquished.

Grand Total: 211 creatures vanquished

Notes
Turn   | Place    | Note
-------+----------+-------------------------------------------
     0 | D:1      | EnegeticOcto the Tengu Ice Elementalist began the quest for
                  | the Orb.
     0 | D:1      | Reached XP level 1. HP: 10/10 MP: 4/4
   193 | D:1      | Reached XP level 2. HP: 11/15 MP: 3/6
   598 | D:1      | Reached XP level 3. HP: 19/19 MP: 3/7
  1555 | D:2      | Reached skill level 5 in Ice Magic
  1555 | D:2      | Reached XP level 4. HP: 19/24 MP: 4/8
  1563 | D:2      | Learned a level 4 spell: Hailstorm
  1621 | D:2      | Found a stormy altar of Qazlal.
  2063 | D:3      | Reached skill level 1 in Conjurations
  2190 | D:3      | Reached skill level 2 in Conjurations
  2231 | D:3      | Gained mutation: You can fly continuously. [Tengu growth]
  2231 | D:3      | Reached XP level 5. HP: 20/28 MP: 5/9
  2433 | D:3      | Found a sacrificial altar of Ru.
  2799 | D:3      | Noticed an ogre
  2925 | D:3      | Killed an ogre
  2925 | D:3      | Reached skill level 3 in Conjurations
  2925 | D:3      | Reached XP level 6. HP: 32/32 MP: 0/10
  3386 | D:4      | Reached skill level 4 in Conjurations
  4183 | D:4      | Reached skill level 5 in Conjurations
  4183 | D:4      | Reached XP level 7. HP: 36/36 MP: 2/11
  4456 | D:4      | Found a shattered altar of Ashenzari.
  4669 | D:4      | Reached skill level 6 in Conjurations
  4877 | D:5      | Entered Level 5 of the Dungeon
  5330 | D:5      | Found a runed translucent door.
  5331 | D:5      | Noticed demivan's ghost (amateur DDFi)
  5716 | D:5      | Reached skill level 7 in Conjurations
  5842 | D:5      | Found a staircase to the Ecumenical Temple.
  5902 | Temple   | Entered the Ecumenical Temple
  5953 | Temple   | Became a worshipper of Vehumet
  6024 | D:5      | Reached XP level 8. HP: 41/41 MP: 3/12
  6226 | D:5      | Found Saureg's Food Boutique.
  6534 | D:5      | Killed demivan's ghost
  6534 | D:5      | Reached skill level 8 in Conjurations
  6990 | D:5      | Reached skill level 9 in Conjurations
  7137 | D:5      | Learned a level 4 spell: Summon Ice Beast
  7193 | D:6      | Found a sparkling altar of Nemelex Xobeh.
  7208 | D:6      | Noticed Pikel
  7330 | D:5      | Killed Pikel
  7330 | D:5      | Reached XP level 9. HP: 39/48 MP: 2/14
  7537 | D:6      | Learned a level 5 spell: Lightning Bolt
  7625 | D:6      | Reached skill level 1 in Air Magic
  7837 | D:6      | Reached * piety under Vehumet
  7837 | D:6      | Offered knowledge of Foxfire by Vehumet.
  8069 | D:6      | Noticed Eustachio
  8081 | D:6      | Killed Eustachio
  8081 | D:6      | Reached skill level 10 in Conjurations
  8471 | D:7      | Found a radiant altar of Vehumet.
  8565 | D:7      | Reached skill level 1 in Shields
  8912 | D:7      | Found a white marble altar of Elyvilon.
  8915 | D:7      | Found a basalt altar of Yredelemnul.
  8920 | D:7      | Found a glowing golden altar of the Shining One.
  9051 | D:7      | Found a hide-covered altar of Uskayaw.
  9223 | D:7      | Found an ornate altar of the Wu Jian Council.
  9346 | D:7      | Reached skill level 5 in Air Magic
  9707 | D:8      | Reached XP level 10. HP: 56/56 MP: 13/17
  9813 | D:8      | Offered knowledge of Magic Dart by Vehumet.
  9848 | D:8      | Reached ** piety under Vehumet
 10503 | D:8      | Noticed a two-headed ogre
 10628 | D:8      | Killed a two-headed ogre
 10877 | D:8      | Mangled by a hornet

Levels and vault maps discovered:
D:1:      psy_arrival_whirlpool, layout_basic, minmay_heptomino_o4
D:2:      layout_basic, nicolae_overflow_hidden_temple
D:3:      layout_loops_ring, lemuel_round_altar, minmay_misc_feat_chi
D:4:      layout_rooms, cheibrodos_ashenzari_chains
D:5:      minmay_clustersquares, layout_gridville, temple_doors_e, serial_shops,
          shop, first_ration, gammafunk_ghost_grave, lightli_minifort
D:6:      layout_loops_ring, nicolae_overflow_crystal_walls, item_on_display_a,
          uniq_eustachio, uniq_pikel
D:7:      layout_cave_pools, grunt_temple_overflow_open,
          eat_drink_and_be_merry_uskayaw, basic_altar
D:8:      layout_layer_cave, hangedman_pestilent_swarm, minivault_27,
          minmay_gold_behind_fungi, minmay_orc_keep
Temple:   minmay_temple_forest_path

Skill      XL: |  1  2  3  4  5  6  7  8  9 10 |
---------------+-------------------------------+-----
Ice Magic      | 4 5 6 7 8 |  8.6
Conjurations   | 2 3 5 7 9 10 | 10.0
Fighting       | 2 3 4 |  4.5
Spellcasting   | 3 4 |  4.7
Air Magic      | 5 7 |  7.2
Shields        | 2 3 |  3.3
Dodging        | |  2.1
Stealth        | |  2.0

Action                   |  1- 3 |  4- 6 |  7- 9 | 10-12 || total
-------------------------+-------+-------+-------+-------++-------
Melee: Unarmed           |     4 |     4 |    43 |     4 ||    55
       Peck              |     2 |       |     9 |       ||    11
       Kick              |     1 |       |    11 |     1 ||    13
Throw: Dart              |       |     1 |       |       ||     1
 Cast: Freeze            |    59 |   104 |    80 |     4 ||   247
       Hailstorm         |       |     5 |    70 |    20 ||    95
       Summon Ice Beast  |       |       |     1 |       ||     1
       Lightning Bolt    |       |       |       |     8 ||     8
 Abil: Fly               |       |     1 |       |       ||     1
Evoke: Wand              |       |       |       |     4 ||     4
  Use: Scroll            |       |     8 |     9 |       ||    17
  Eat: Chunk             |     3 |     8 |    25 |     7 ||    43
       Ration            |       |     1 |     2 |     1 ||     4
Armor: Robe              |     5 |    13 |    19 |     1 ||    38
Dodge: Dodged            |    28 |    68 |    83 |    12 ||   191
Block: Buckler           |       |       |     2 |     2 ||     4

Table legend:
 A = Non-vault XP
 B = Vault XP
 C = Vault XP percentage of total XP
 D = Non-vault monster count
 E = Vault monster count
 F = Vault count percentage of total count
                 A         B        C        D         E       F
            +---------+---------+-------+---------+---------+-------
      Total |    4428 |    2083 |  32.0 |     172 |      27 |  13.6
            +---------+---------+-------+---------+---------+-------
        D:1 |      33 |       6 |  15.4 |      17 |       3 |  15.0
        D:2 |      63 |       0 |   0.0 |      20 |       0 |   0.0
        D:3 |     263 |       0 |   0.0 |      27 |       0 |   0.0
        D:4 |     491 |       0 |   0.0 |      23 |       0 |   0.0
        D:5 |     543 |    1446 |  72.7 |      28 |      13 |  31.7
        D:6 |     619 |     197 |  24.1 |      17 |       1 |   5.6
        D:7 |     941 |       0 |   0.0 |      21 |       0 |   0.0
        D:8 |    1475 |     434 |  22.7 |      19 |      10 |  34.5
            +---------+---------+-------+---------+---------+-------
